 Dungeon Crawl Stone Soup version 0.29.0-4-gdea44cf6ec (webtiles) character file.

Game seed: 12219540649163311672

28 qw the Chopper (level 3, -11/29 HPs)
             Began as a Barachi Chaos Knight on Sept 6, 2022.
             Mangled by an iron imp (15 damage)
             ... summoned by Xom
             ... on level 3 of the Dungeon.
             The game lasted 00:00:39 (1817 turns).

qw the Chopper (Barachi Chaos Knight)               Turns: 1817, Time: 00:00:39

Health: -11/29     AC: -1    Str: 21    XL:     3   Next: 14%
Magic:  3/3        EV: 10    Int: 12    God:
Gold:   164        SH:  0    Dex: 11    Spells: 2/2 levels left

rFire   . . .      SeeInvis +   Y - +3 hand axe (chaos)
rCold   . . .      Faith    .   (no shield)
rNeg    . . .      Spirit   .   n - +0 scale mail
rPois   .          Reflect  .   (no helmet)
rElec   .          Harm     .   (no cloak)
rCorr   .          Rampage  .   (no gloves)
Will    .....                   (no boots)
Stlth   ..........              (no amulet)
HPRegen 0.09/turn               d - +6 ring of strength
MPRegen 0.08/turn               p - ring of see invisible

@: corroded, slow
A: amphibious, slowness 1, strong legs 1, +LOS
a: Hop


You were on level 3 of the Dungeon.
You visited 1 branch of the dungeon, and saw 3 of its levels.

You collected 164 gold pieces.


Innate Abilities, Weirdness & Mutations

You are amphibious.
You cover ground slowly.
You can hop short distances.
You have an extended range of vision and can be seen from far away.


   Skills:
 - Level 3.6 Fighting
 + Level 4.4 Axes
 - Level 1.0 Throwing
 - Level 2.4 Armour
 - Level 1.1 Dodging


You had 2 spell levels left.
You didn't know any spells.
Your spell library was empty.

Inventory:

Hand Weapons
 r - a +0 whip
 Y - a +3 hand axe of chaos (weapon)
Missiles
 g - 4 silver boomerangs
 k - 4 javelins (quivered)
 m - 2 boomerangs
Armour
 n - a +0 scale mail (worn)
Jewellery
 d - a +6 ring of strength (left hand)
 p - a ring of see invisible (right hand)
Scrolls
 a - a scroll of identify
Potions
 f - a potion of curing {unknown}
 i - a potion of haste {unknown}
 j - a potion of invisibility {unknown}
 l - a potion of heal wounds {unknown}
 q - a potion of berserk rage {unknown}
 s - a potion of resistance {unknown}
Miscellaneous
 c - a piece from Xom's chessboard (15/15)

Dungeon Overview and Level Annotations

Branches:
Dungeon (3/15)

Altars:


Message History

The orc barely misses you.
You hit the orc but do no damage.
The orc is severely wounded.
The orc hits you with a +0 mace.
You barely miss the orc.
The orc is severely wounded.
The orc hits you with a +0 mace.
You hit the orc. You freeze the orc.
You kill the orc!
You start resting. "Let's see if it's strong enough to survive yet."
A shadow imp comes into view.
You hit the rust devil.
The rust devil is lightly wounded.
You barely miss the shadow imp. You barely miss the iron imp.
You hit the white imp but do no damage. You hit the rust devil.
The rust devil is lightly wounded.
You hit the white imp but do no damage.
You hit the shadow imp but do no damage.
You closely miss the iron imp. The shadow imp closely misses you.
The rust devil hits you. The rust devil corrodes you!
The smoke demon gestures at you. Xom smites you!
You hit the rust devil.
The rust devil convulses.
The rust devil is moderately wounded.
You hit the iron imp but do no damage.
The iron imp seems to grow stronger.
You miss the quasit. You barely miss the shadow imp.
The iron imp closely misses you. The rust devil hits you.
The rust devil corrodes you! The shadow imp hits you.
You hit the rust devil but do no damage.
The rust devil is moderately wounded.
You hit the shadow imp but do no damage.
You hit the iron imp but do no damage. You hit the quasit.
You freeze the quasit. The quasit barely misses you. The quasit claws you.
The quasit closely misses you. The iron imp hits you!
Ouch! That really hurt!
You die...

#.#
######.###
#........#
#........#
+>.......#.#
###......#.#
#.#(.###5#
#.#...555# #
##.###@#
#.....345#
####.#####


You could see a rust devil (summoned), a smoke demon (summoned), an iron imp
(summoned, strong), a quasit (summoned), a white imp (summoned) and 2 shadow
imps.

Vanquished Creatures
  An orc (D:3)
  A giant cockroach (D:1)
  3 goblins
  2 hobgoblins
  8 kobolds
  3 quokkas
  A ball python (D:1)
  4 bats
  A frilled lizard (D:2)
  2 rats (D:1)
26 creatures vanquished.

Notes
Turn   | Place    | Note
-------+----------+-------------------------------------------
     0 | D:1      | qw the Barachi Chaos Knight began the quest for the Orb.
     0 | D:1      | Reached XP level 1. HP: 18/18 MP: 1/1
     0 | D:1      | 0 ||| qw: Version: 0.1-a-107-g9ff403c
     0 | D:1      | 0 ||| qw: Game counter: 6152
     0 | D:1      | 0 ||| qw: Always use a shield: true
     0 | D:1      | 0 ||| qw: God list: Okawaru
     0 | D:1      | 0 ||| qw: Allow faded altars: false
     0 | D:1      | 0 ||| qw: Do Orc after D:15 true
     0 | D:1      | 0 ||| qw: Do second Lair branch before Depths: true
     0 | D:1      | 0 ||| qw: Lair rune preference: random
     0 | D:1      | 0 ||| qw: Plans: Normal
     0 | D:1      | 0 ||| PLANNING D:1-11
     0 | D:1      | Fell from the grace of Xom
    72 | D:1      | XOM: torment (10/18 hp)
   482 | D:1      | Reached XP level 2. HP: 24/24 MP: 2/2
   533 | D:1      | Reached skill level 4 in Axes
   802 | D:1      | 802 ||| UPGRADING to +6 ring of strength.
   803 | D:1      | 803 ||| READING scroll labelled RAROFEOCHY.
   804 | D:1      | 804 ||| READING 2 scrolls labelled XATWUL WOKOXTI.
   805 | D:1      | 805 ||| READING scroll of enchant weapon.
   805 | D:1      | 805 ||| ENCHANTING +1 hand axe of chaos.
   806 | D:1      | 806 ||| READING scroll labelled IBOFIF VYIPNAO.
   907 | D:2      | 907 ||| Stepping ~*~*~tactically~*~*~ (stealth).
   920 | D:2      | 920 ||| Stepping ~*~*~tactically~*~*~ (stealth).
  1181 | D:2      | 1181 ||| Stepping ~*~*~tactically~*~*~ (stealth).
  1184 | D:2      | 1184 ||| Stepping ~*~*~tactically~*~*~ (stealth).
  1185 | D:2      | 1185 ||| Stepping ~*~*~tactically~*~*~ (stealth).
  1186 | D:2      | 1186 ||| Stepping ~*~*~tactically~*~*~ (stealth).
  1190 | D:2      | Reached skill level 1 in Throwing
  1192 | D:2      | 1192 ||| READING scroll of enchant weapon.
  1192 | D:2      | 1192 ||| ENCHANTING +2 hand axe of chaos.
  1199 | D:2      | 1199 ||| DROPPING +0 club.
  1426 | D:2      | Found a faded altar of an unknown god.
  1488 | D:2      | 1488 ||| Stepping ~*~*~tactically~*~*~ (stealth).
  1490 | D:2      | 1490 ||| Stepping ~*~*~tactically~*~*~ (stealth).
  1496 | D:2      | Reached XP level 3. HP: 27/29 MP: 3/3
  1677 | D:2      | 1677 ||| UPGRADING to +0 scale mail.
  1687 | D:2      | 1687 ||| DROPPING +2 leather armour.
  1688 | D:2      | 1688 ||| UPGRADING to ring of see invisible.
  1689 | D:2      | 1689 ||| READING 3 scrolls labelled FIB ZITTUULI.
  1690 | D:2      | 1690 ||| READING scroll labelled VOOT PYCESONK.
  1691 | D:2      | 1691 ||| DRINKING 3 inky potions.
  1692 | D:2      | 1692 ||| READING 2 scrolls of identify.
  1692 | D:2      | 1692 ||| IDENTIFYING cyan potion
  1693 | D:2      | 1693 ||| DROPPING potion of degeneration.
  1694 | D:2      | 1694 ||| DROPPING 2 potions of brilliance.
  1813 | D:3      | XOM: summons 7 hostile demons
  1814 | D:3      | Noticed a rust devil
  1814 | D:3      | Noticed a smoke demon
  1816 | D:3      | HP: 6/29 [shadow imp[Xom] (5)]
  1817 | D:3      | Mangled by an iron imp

Levels and vault maps discovered:
D:1:      roderic_crossed_star, layout_basic, minmay_crystal_room,
          nicolae_concentric_dashed_squares_mild
D:2:      layout_basic, hellmonk_ecumenical_altar_leap_of_faith, dk_vineyard_1,
          chequers_garden
D:3:      layout_loops_corners, grunt_qazlal_clouds, minitemple, serial_shops,
          shop

Skill      XL: |  1  2 |
---------------+-------+-----
Axes           | 4 |  4.4
Throwing       | 1 |  1.0
Fighting       | |  3.6
Armour         | |  2.4
Dodging        | |  1.1

Action                   || total
-------------------------++-------
Melee: Hand axe          ||    58
Throw: Javelin           ||    16
Invok: Renounce Religion ||     1
  Use: Scroll            ||     8
       Potion            ||     1
Armor: Leather armour    ||    18
       Scale mail        ||     2
Dodge: Dodged            ||    42

Table legend:
 A = Non-vault XP
 B = Vault XP
 C = Vault XP percentage of total XP
 D = Non-vault monster count
 E = Vault monster count
 F = Vault count percentage of total count
                 A         B        C        D         E       F
            +---------+---------+-------+---------+---------+-------
      Total |      41 |       0 |   0.0 |      26 |       0 |   0.0
            +---------+---------+-------+---------+---------+-------
        D:1 |      20 |       0 |   0.0 |      13 |       0 |   0.0
        D:2 |      16 |       0 |   0.0 |      11 |       0 |   0.0
        D:3 |       5 |       0 |   0.0 |       2 |       0 |   0.0
            +---------+---------+-------+---------+---------+-------
